 Dungeon Crawl Stone Soup version 0.27-a0-1137-g3ef0f4ec91 (webtiles) character file.

Game seed: 14779977279959290182

1000 robertstho the Covert (level 8, -2/55 HPs)
             Began as an Octopode Berserker on May 6, 2021.
             Was a Priest of Trog.
             Killed from afar by Blork the orc (8 damage)
             ... with a magic dart
             ... on level 5 of the Dungeon.
             The game lasted 00:06:36 (5116 turns).

robertstho the Covert (Octopode Berserker)          Turns: 5116, Time: 00:06:37

Health: -2/55      AC:  1    Str: 17    XL:     8   Next: 19%
Magic:  8/8        EV: 29    Int:  9    God:    Trog [***...]
Gold:   212        SH:  0    Dex: 13    Spells: 7/7 levels left

rFire    . . .     SeeInvis +   f - +1 short sword (elec)
rCold    . . .     Faith    .   (no shield)
rNeg     . . .     Spirit   .   (helmet restricted)
rPois    .         Reflect  .   b - amulet of the acrobat
rElec    .         Harm     .   k - ring of see invisible
rCorr    .         Rampage  .   (no ring)
Will     .....                  (no ring)
Stlth    +++++.....             (no ring)
HPRegen  0.18/turn              (no ring)
MPRegen  0.11/turn              (no ring)
                                (no ring)
                                (no ring)

@: acrobatic, studying Long Blades
A: almost no armour, amphibious, 8 rings, camouflage 1, gelatinous body 1,
(nimble swimmer 1), tentacles
a: Renounce Religion, Berserk, Trog's Hand


You were on level 5 of the Dungeon.
You worshipped Trog.
Trog was most pleased with you.
You visited 1 branch of the dungeon, and saw 5 of its levels.

You collected 212 gold pieces.

Inventory:

Hand Weapons
 f - a +1 short sword of electrocution (weapon)
 n - a +0 dagger of venom
Jewellery
 b - an amulet of the acrobat (around mantle)
 k - a ring of see invisible (left tentacle)
Scrolls
 e - a scroll of teleportation
 h - a scroll of enchant weapon {unknown}
 i - a scroll of amnesia {unknown}
 j - 4 scrolls of enchant armour {unknown}
 l - a scroll of fog {unknown}
 m - a scroll of blinking {unknown}
 q - 2 scrolls of brand weapon
Potions
 a - a potion of haste {unknown}
 c - 2 potions of attraction {unknown}
 d - 2 potions of curing {unknown}
 g - 3 potions of magic {unknown}
 o - a potion of mutation


   Skills:
 * Level 5.0 Fighting
 + Level 5.3 Short Blades
 + Level 4.0 Dodging
 * Level 9.1 Stealth


You had 7 spell levels left.
You didn't know any spells.
Your spell library was empty.

Dungeon Overview and Level Annotations

Branches:
Dungeon (5/15)
 Temple: D:4-7

Altars:
Dithmenos
Ru

Annotations:
D:4 2 transporters Need help to clear vault
D:5 Blork the orc


Innate Abilities, Weirdness & Mutations

You cannot wear most types of armour.
You are amphibious.
You can wear up to eight rings at the same time.
Your skin changes colour to match your surroundings (Stealth+).
Your rubbery body absorbs attacks. (AC +1, EV +1)
((You are camouflaged near water. (Stealth+)))
You have tentacles for arms and can constrict up to eight enemies at once.


Message History

2 orcs come into view.
The orc shouts!
You hear a shout!
Blork the orc casts a spell at you. The magic dart hits you.
An orc comes into view. It is wielding a +0 hand axe.
You are too injured to fight recklessly!
Unknown command.
You see here a howler monkey corpse.
You feel yourself speed up.
Blork the orc screams, "I'm much stronger than you!"
Blork the orc casts a spell.
Blork the orc seems to speed up.
Blork the orc gestures at you while chanting.
The puff of flame hits you!
Blork the orc screams, "I'll make a cloak from your skin!"
Blork the orc gestures at you while chanting.
The puff of frost misses you.
You recover from your berserk rage.
Your skin crawls.
You feel strong-willed.
You feel the effects of Trog's Hand fading.
Blork the orc points at you and mumbles some strange words.
The puff of frost hits you!
Blork the orc looks encouraged for a moment.
Your skin stops crawling.
You feel less strong-willed.
You aren't carrying any items that you can evoke.
Okay, then.
Okay, then.
Blork the orc points at you and mumbles some strange words.
The magic dart hits you!
* * * LOW HITPOINT WARNING * * *
As you read the scroll of teleportation, it crumbles to dust.
You feel strangely unstable.
Blork the orc points at you and mumbles some strange words.
The puff of frost hits you!
* * * LOW HITPOINT WARNING * * *
Your surroundings seem slightly different.
Blork the orc gestures at you while chanting.
The magic dart hits you!
You die...

##########################
#...#.....................
#...#.....................
#...##...##..#######......
##..##...##..## #+##§_.
##.......@....#...##..#.§.
#...o..o..§...#...........
#.o.##...##..###..##......
#.>.#######..# #..##..
#...# #.... ##..##.. ##.o#
..... ......... ##..#
..........).... #.oo#
..###..##..##.. #...######
..# .. #..####


You could see Blork the orc (fast) and 2 orcs.

Vanquished Creatures
  The ghost of AtomicRavioli the Stinger, an amateur NaVM (D:3)
  A sky beast (D:3)
  A black bear (D:4)
  A necrophage (D:4)
  A phantom (D:4)
  2 scorpions
  A wyvern zombie (D:5)
  3 howler monkeys
  A jelly (D:5)
  A bullfrog skeleton (D:5)
  An iguana (D:4)
  A hound skeleton (D:4)
  4 gnolls (D:3)
  A howler monkey skeleton (D:3)
  An adder skeleton (D:4)
  2 worms (D:3)
  4 dart slugs
  An orc (D:3)
  6 bats
  5 endoplasms
  A giant cockroach (D:1)
  8 goblins
  8 hobgoblins
  14 jackals
  7 kobolds
  2 quokkas (D:2)
  5 ball pythons
  3 rats
87 creatures vanquished.

Notes
Turn   | Place    | Note
-------+----------+-------------------------------------------
     0 | D:1      | robertstho the Octopode Berserker began the quest for the
                  | Orb.
     0 | D:1      | Reached XP level 1. HP: 16/16 MP: 1/1
    17 | D:1      | Found a faded altar of an unknown god.
   277 | D:1      | Reached XP level 2. HP: 21/21 MP: 2/2
   327 | D:1      | Reached skill level 1 in Stealth
   576 | D:1      | Reached XP level 3. HP: 24/26 MP: 3/3
  1654 | D:2      | Reached ** piety under Trog
  2030 | D:3      | Noticed a sky beast
  2369 | D:3      | Killed a sky beast
  2370 | D:3      | Reached skill level 3 in Stealth
  2370 | D:3      | Reached XP level 4. HP: 24/33 MP: 4/4
  2370 | D:3      | Reached XP level 5. HP: 27/37 MP: 5/5
  2386 | D:3      | Reached skill level 4 in Stealth
  2930 | D:3      | Found a large runed translucent door.
  2930 | D:3      | Found a large runed translucent door.
  3501 | D:3      | Noticed AtomicRavioli's ghost (amateur NaVM)
  3546 | D:3      | Reached skill level 5 in Stealth
  3546 | D:3      | Reached XP level 6. HP: 26/43 MP: 6/6
  4051 | D:3      | Killed AtomicRavioli's ghost
  4052 | D:3      | Reached skill level 6 in Stealth
  4223 | D:4      | Reached XP level 7. HP: 49/49 MP: 7/7
  4282 | D:4      | Reached *** piety under Trog
  4361 | D:4      | Reached skill level 7 in Stealth
  4656 | D:4      | Found a transporter.
  4656 | D:4      | Found a transporter.
  4745 | D:4      | Reached skill level 5 in Short Blades
  4745 | D:4      | Reached skill level 8 in Stealth
  4903 | D:4      | Noticed a basilisk
  4907 | D:4      | Found a sacrificial altar of Ru.
  4965 | D:5      | Entered Level 5 of the Dungeon
  4978 | D:5      | Found a shadowy altar of Dithmenos.
  5037 | D:5      | Reached XP level 8. HP: 54/54 MP: 8/8
  5062 | D:5      | Reached skill level 9 in Stealth
  5080 | D:5      | Noticed Blork the orc
  5081 | D:5      | Reached skill level 5 in Fighting
  5116 | D:5      | Killed from afar by Blork the orc

Illustrated notes

Levels and vault maps discovered:
D:1:      dpeg_arrival_rooms_b, layout_loops_ring,
          shapermc_ecumenical_altar_flowoftime, minmay_tetromino_o2
D:2:      layout_loops_corners
D:3:      layout_basic, ebering_ghost_disaster_area, corexii_leaking_fountain
D:4:      layout_loops_ring, gammafunk_temple_overflow_arena
D:5:      layout_gridville, cheibriados_altar_1, grunt_dithmenos_smoke,
          vehumet_altar_wand_db, uniq_sigmund, uniq_blork_the_orc

Skill      XL: |  1  2  3  4  5  6  7  8 |
---------------+-------------------------+-----
Stealth        | 1 3 5 6 8 9 |  9.1
Short Blades   | 4 5 |  5.3
Fighting       | 4 5 |  5.0
Dodging        | 4 |  4.0

Action                   |  1- 3 |  4- 6 |  7- 9 || total
-------------------------+-------+-------+-------++-------
Melee: Short sword       |    67 |    62 |    38 ||   167
       Tentacles         |    11 |     8 |     8 ||    27
       Constrict         |    14 |    12 |     7 ||    33
Invok: Berserk           |     2 |     2 |     3 ||     7
       Trog's Hand       |       |       |     1 ||     1
  Use: Scroll            |     1 |       |     3 ||     4
 Stab: Sleeping          |     9 |     8 |     3 ||    20
       Distracted        |       |       |     1 ||     1
Armor: Skin              |     3 |     2 |     3 ||     8
Dodge: Dodged            |    31 |    37 |    15 ||    83

Table legend: (Time is in decaauts)
 A = Elapsed time spent in this place.
 B = Non-inter-level travel time spent in this place.
 C = Inter-level travel time spent in this place.
 D = Time resting spent in this place.
 E = Time spent auto-exploring this place.
 F = Levels seen in this place.
 G = Mean time per level.
                   A        B        C        D        E       F      G
               +--------+--------+--------+--------+--------+-----+--------+
         Total |   5156 |   5042 |    114 |    466 |   3813 |   5 | 1031.2 |
       Dungeon |   5156 |   5042 |    114 |    466 |   3813 |   5 | 1031.2 |
               +--------+--------+--------+--------+--------+-----+--------+

Top non-repeatable levels by time:
     D:3: 1874 daAuts
     D:1: 1178 daAuts
     D:2: 1132 daAuts
     D:4: 814 daAuts
     D:5: 156 daAuts
